 Dungeon Crawl Stone Soup version 0.18.1-6-gd335043 (webtiles) character file.

535 Gingerlord the Skirmisher (level 7, -6/55 HPs)
             Began as a Formicid Abyssal Knight on May 18, 2016.
             Was a Believer of Lugonu.
             Mangled by an ogre
             ... wielding a +0 giant club
              (25 damage)
             ... on level 4 of the Dungeon.
             The game lasted 00:08:28 (5252 turns).

Gingerlord the Skirmisher (Formicid Abyssal Knight) Turns: 5252, Time: 00:08:29

Health: -6/55      AC:  9    Str: 16    XL:     7   Next: 50%
Magic:  10/10      EV:  3    Int: 12    God:    Lugonu [**....]
Gold:   114        SH:  7    Dex: 12    Spells: 0 memorised, 6 levels left

rFire  . . .     SeeInvis +     a - +1 falchion
rCold  . . .     Gourm    .     h - +0 chain mail
rNeg   . . .     Faith    .     l - +0 shield
rPois  .         Spirit   .     (helmet unavailable)
rElec  .         Dismiss  .     (no cloak)
rCorr  .         Reflect  .     f - +0 pair of gloves
SustAt .         Harm     .     (no boots)
MR     .....                    g - amulet of inaccuracy (curse)
Stlth  ..........               (no ring)
                                (no ring)

@: very heavily drained, not resistant to hostile enchantments, extremely
unstealthy
A: permanent stasis, dig shafts and tunnels, four strong arms, antennae 3
a: Dig, Shaft Self, Depart the Abyss, Bend Space, Renounce Religion


You were on level 4 of the Dungeon.
You worshipped Lugonu.
Lugonu was pleased with you.
You were hungry.

You visited 1 branch of the dungeon, and saw 4 of its levels.
You visited the Abyss 1 time.

You collected 114 gold pieces.

Inventory:

Hand Weapons
 a - a +1 falchion (weapon)
Armour
 f - a +0 pair of gloves (worn)
 h - a +0 chain mail (worn)
 l - a +0 shield (worn)
Jewellery
 g - a cursed amulet of inaccuracy (around neck)
 k - an uncursed amulet of magic regeneration {unknown}
 m - an uncursed amulet of faith {unknown}
Scrolls
 b - 6 scrolls of identify {unknown}
 i - a scroll of fear {unknown}
 j - a scroll of random uselessness {unknown}
 n - a scroll of magic mapping {unknown}
 q - a scroll of enchant weapon {unknown}
 r - 2 scrolls of remove curse {unknown}
 t - a scroll of fog {unknown}
 u - a scroll of recharging {unknown}
 w - 2 scrolls of enchant armour {unknown}
Potions
 e - 2 potions of brilliance
 o - 2 potions of flight
 x - a potion of degeneration {unknown}
Comestibles
 c - 4 bread rations
 d - 2 meat rations
 p - a beef jerky


   Skills:
 + Level 4.5(0.2) Fighting
 + Level 3.7(0.0) Long Blades
 + Level 4.2(0.0) Armour
 + Level 2.4(0.0) Dodging
 + Level 2.7(0.0) Shields
 + Level 4.4(0.0) Invocations


You had 6 spell levels left.
You didn't know any spells.

Dungeon Overview and Level Annotations

Branches:
Dungeon (4/15)
 Temple: D:4-7

Altars:


Innate Abilities, Weirdness & Mutations

You are under a permanent stasis effect.
You can dig through walls and to a lower floor.
Your four strong arms can wield two-handed weapons with a shield.
You have a pair of large antennae on your head (SInv).


Message History

You feel drained.
You closely miss Edmund.
Edmund is severely wounded.
Edmund barely misses you.
Edmund asks, "Have you met my wondrous brother?"
Edmund hits you but does no damage.
You feel drained.
You hit Edmund but do no damage.
Edmund is severely wounded.
Edmund hits you but does no damage.
You feel drained.
You hit Edmund.
Edmund is almost dead.
You block Edmund's attack.
You closely miss Edmund.
Edmund is almost dead.
Edmund barely misses you.
You slash Edmund!
You kill Edmund!
Lugonu accepts your kill. The ogre hits you with a giant club!!
You die...

##........#..#..........)
#. #..#........... ##
##.....!......# #
#..........### #
#.........## #
#.......### # ##..##### #
##O# # #@## # #..# # ##.#
#.## ##.# ####.# #....###
#.###..# # ##..##..## #


You could see an ogre.

Vanquished Creatures
  Edmund (D:4)
  The ghost of CaptainSheepy the Vandal, an amateur KoHu (D:3)
  A giant frog (D:3)
  A hound (D:4)
  2 orc wizards
  2 worker ants (D:4)
  4 adders
  A shadow imp (D:3)
  5 worms
  2 dart slugs
  4 giant geckos (D:3)
  9 orcs
  2 ball pythons
  6 giant cockroaches
  5 goblins
  12 hobgoblins
  8 jackals
  A quokka (D:2)
  8 bats
  2 giant newts (D:1)
  13 kobolds
  6 rats
96 creatures vanquished.

Notes
Turn   | Place    | Note
--------------------------------------------------------------
     0 | Abyss:1  | Gingerlord the Formicid Abyssal Knight began the quest for the Orb.
     0 | Abyss:1  | Reached XP level 1. HP: 18/18 MP: 2/2
   194 | Abyss:1  | Found an iron altar of Okawaru.
   220 | Abyss:1  | Noticed a worldbinder
   220 | D:1      | Escaped the Abyss
   492 | D:1      | Reached XP level 2. HP: 18/24 MP: 3/3
   497 | D:1      | Reached skill level 1 in Dodging
   786 | D:1      | Reached * piety under Lugonu
   970 | D:1      | Reached XP level 3. HP: 27/30 MP: 4/4
  1807 | D:2      | Reached XP level 4. HP: 30/37 MP: 5/5
  2042 | D:2      | Reached ** piety under Lugonu
  2810 | D:3      | Reached XP level 5. HP: 12/42 MP: 7/7
  3297 | D:3      | Reached skill level 1 in Shields
  3413 | D:3      | Noticed CaptainSheepy's ghost (amateur KoHu)
  3459 | D:3      | Killed CaptainSheepy's ghost
  3459 | D:3      | Reached XP level 6. HP: 31/48 MP: 8/8
  4707 | D:4      | Reached XP level 7. HP: 27/55 MP: 8/10
  5019 | D:4      | Reached *** piety under Lugonu
  5194 | D:4      | Noticed Edmund
  5252 | D:4      | Killed Edmund
  5252 | D:4      | Mangled by an ogre

Skill      XL: |  1  2  3  4  5  6 |
---------------+-------------------+-----
Dodging        | 1 2 |  2.4
Armour         | 3 4 |  4.2
Invocations    | 3 4 |  4.4
Fighting       | 4 |  4.5
Shields        | 1 2 |  2.7
Long Blades    | 3 |  3.7

Action                   |  1- 3 |  4- 6 |  7- 9 || total
-------------------------+-------+-------+-------++-------
Melee: Falchion          |   239 |   488 |    85 ||   812
Invok: Depart the Abyss  |     1 |       |       ||     1
       Banish            |       |       |     1 ||     1
  Use: Potion            |       |     1 |     3 ||     4
  Eat: Chunk             |     4 |     5 |     2 ||    11
       Bread ration      |       |     1 |       ||     1
Armor: Leather armour    |    33 |       |       ||    33
       Chain mail        |   145 |   359 |    36 ||   540
Dodge: Dodged            |   142 |    90 |    14 ||   246
Block: Shield            |     1 |   226 |    35 ||   262
